| TOP OF THE 1ST |
|
Atlanta Braves batting - Pitching for Chicago Cubs : RHP Nate Jackson
|
|
Pitching: RHP Nate Jackson
|
|
|
Batting: LHB Tom Best
|
0-0: Ball 1-0: Called Strike 1-1: Ball 2-1: Ball 3-1: Foul Ball, location: 2F 3-2: Ground out 4-3 (Groundball, 4, EV 93.8 MPH)
|
|
Batting: RHB Butch Kaiser
|
0-0: SOLO HOME RUN (Flyball, 7D, EV 95.6 MPH), Distance : 390 ft
|
|
Batting: LHB Seth Cook
|
0-0: Called Strike 0-1: Ball 1-1: Swinging Strike 1-2: Strikes out swinging
|
|
Batting: RHB Danny Miramontes
|
0-0: Ball 1-0: Ball 2-0: Ball 3-0: Called Strike 3-1: Base on Balls
|
|
Batting: LHB Colin Worthington
|
0-0: Fly out, F8 (Flyball, 78XD, EV 87.5 MPH)
|
| Top of the 1st over - 1 run, 1 hit, 0 errors, 1 left on base; Atlanta 1 - Chicago 0 |
| BOTTOM OF THE 1ST |
|
Chicago Cubs batting - Pitching for Atlanta Braves : RHP Robby Benchio
|
|
Pitching: RHP Robby Benchio
|
|
|
Batting: RHB Yasuhide Kasahara
|
0-0: Swinging Strike 0-1: Ball 1-1: Called Strike 1-2: Ball 2-2: Foul Ball, location: 2F 2-2: Foul Ball, location: 2F 2-2: SINGLE (Line Drive, 89S, EV 85.6 MPH)
|
|
Batting: LHB Kevin Norton
|
0-0: Ball 1-0: Fielders Choice at 2nd, 3-6 (Groundball, 23, EV 82.5 MPH)
|
|
Batting: RHB Efrain Vargas
|
0-0: Called Strike 0-1: Swinging Strike 0-2: Ball 1-2: 2-RUN HOME RUN (Flyball, 9D, EV 98.8 MPH), Distance : 403 ft
|
|
Batting: SHB Terry Tuckfard
|
0-0: DOUBLE (Line Drive, 7LM, EV 106.9 MPH)
|
|
Batting: RHB Josh Kalman
|
0-0: Ball 1-0: Ball 2-0: Called Strike 2-1: Ball 3-1: Base on Balls
|
|
Batting: RHB Elijah Campbell
|
0-0: Ball 1-0: Ball 2-0: Swinging Strike 2-1: Ball 3-1: Base on Balls Terry Tuckfard to third Josh Kalman to second
|
|
Batting: RHB Will Leslie
|
0-0: DOUBLE (Flyball, 8LXD, EV 105.0 MPH) Terry Tuckfard scores Josh Kalman scores Elijah Campbell to third
|
|
Batting: SHB Tim Hone
|
0-0: Ball 1-0: Ball 2-0: Called Strike 2-1: Swinging Strike 2-2: SINGLE (Line Drive, 78M, EV 97.5 MPH) Elijah Campbell scores Will Leslie to third Runner from 3rd tries for Home, SAFE, throw by CF to home Tim Hone to second
|
|
Pitching: RHP Victor Munoz
|
|
|
Batting: RHB Jamie Ogilvie
|
0-0: Ball 1-0: Ball 2-0: Called Strike 2-1: Swinging Strike 2-2: SINGLE (Line Drive, 6M, EV 105.0 MPH) Tim Hone to third
|
|
Batting: RHB Yasuhide Kasahara
|
0-0: Called Strike 0-1: Ball 1-1: Called Strike 1-2: Fly out, F7 (Line Drive, 7, EV 90.6 MPH) Runner from 3rd tags up, OUT at HOME! 7-2
|
| Bottom of the 1st over - 6 runs, 6 hits, 0 errors, 1 left on base; Atlanta 1 - Chicago 6 |
| TOP OF THE 2ND |
|
Atlanta Braves batting - Pitching for Chicago Cubs : RHP Nate Jackson
|
|
Batting: RHB Danny Anderson
|
0-0: Called Strike 0-1: Ball 1-1: Swinging Strike 1-2: Foul Ball, location: 2F 1-2: Ball 2-2: Foul Ball, location: 2F 2-2: Foul Ball, location: 2F 2-2: Ball 3-2: DOUBLE (Line Drive, 9LM, EV 109.4 MPH)
|
|
Batting: RHB Kanehisa Kubo
|
0-0: Swinging Strike 0-1: Ball 1-1: Foul Ball, location: 2F 1-2: Ball 2-2: Ball 3-2: Foul Ball, location: 2F 3-2: Strikes out looking
|
|
Batting: RHB Liangde Li
|
0-0: Called Strike 0-1: Foul Ball, location: 2F 0-2: Strikes out swinging
|
|
Batting: RHB Itsuo Egami
|
0-0: Ball 1-0: Foul Ball, location: 2F 1-1: Foul Ball, location: 2F 1-2: Ball 2-2: Ground out 6-3 (Groundball, 6, EV 99.4 MPH)
|
| Top of the 2nd over - 0 runs, 1 hit, 0 errors, 1 left on base; Atlanta 1 - Chicago 6 |
| BOTTOM OF THE 2ND |
|
Chicago Cubs batting - Pitching for Atlanta Braves : RHP Victor Munoz
|
|
Batting: LHB Kevin Norton
|
0-0: Called Strike 0-1: SOLO HOME RUN (Flyball, 9D, EV 100.0 MPH), Distance : 389 ft
|
|
Batting: RHB Efrain Vargas
|
0-0: Ground out 5-3 (Groundball, 56, EV 83.1 MPH)
|
|
Batting: SHB Terry Tuckfard
|
0-0: DOUBLE (Line Drive, 78XD, EV 110.6 MPH)
|
|
Batting: RHB Josh Kalman
|
0-0: Ball 1-0: Foul Ball, location: 2F 1-1: Ball 2-1: Foul Ball, location: 2F 2-2: Foul Ball, location: 2F 2-2: Foul Ball, location: 2F 2-2: Foul Ball, location: 2F 2-2: SINGLE (Groundball, 4MD, EV 100.6 MPH) Terry Tuckfard to third Runner from 3rd tries for Home, SAFE, throw by CF to home
|
|
Batting: RHB Elijah Campbell
|
0-0: Called Strike 0-1: Called Strike 0-2: Strikes out swinging
|
|
Batting: RHB Will Leslie
|
0-0: Ball 1-0: Called Strike 1-1: Ball 2-1: Ball 3-1: Called Strike 3-2: Strikes out swinging
|
| Bottom of the 2nd over - 2 runs, 3 hits, 0 errors, 1 left on base; Atlanta 1 - Chicago 8 |
| TOP OF THE 3RD |
|
Atlanta Braves batting - Pitching for Chicago Cubs : RHP Nate Jackson
|
|
Batting: LHB Tom Best
|
0-0: Fly out, F8 (Flyball, 8LM, EV 91.9 MPH)
|
|
Batting: RHB Butch Kaiser
|
0-0: SINGLE (Line Drive, 34, EV 103.8 MPH)
|
|
Batting: LHB Seth Cook
|
0-0: Swinging Strike 0-1: Ball 1-1: Ball 2-1: Fly out, F7 (Flyball, 7D, EV 86.3 MPH)
|
|
Batting: RHB Danny Miramontes
|
0-0: Ball Butch Kaiser is caught stealing 2nd base 2-4
|
| Top of the 3rd over - 0 runs, 1 hit, 0 errors, 0 left on base; Atlanta 1 - Chicago 8 |
| BOTTOM OF THE 3RD |
|
Chicago Cubs batting - Pitching for Atlanta Braves : RHP Victor Munoz
|
|
Batting: SHB Tim Hone
|
0-0: Ball 1-0: Ball 2-0: SINGLE (Line Drive, 7S, EV 103.1 MPH)
|
|
Batting: RHB Jamie Ogilvie
|
0-0: Fly out, F7 (Line Drive, 7, EV 92.5 MPH)
|
|
Pitching: RHP Adam Bonawitz
|
|
|
Batting: RHB Yasuhide Kasahara
|
0-0: Ball 1-0: Swinging Strike 1-1: Ball 2-1: Foul Ball, location: 2F 2-2: Fly out, F8 (Flyball, 78XD, EV 105.0 MPH)
|
|
Batting: LHB Kevin Norton
|
0-0: Called Strike 0-1: Ground out 4-3 (Groundball, 34, EV 106.9 MPH)
|
| Bottom of the 3rd over - 0 runs, 1 hit, 0 errors, 1 left on base; Atlanta 1 - Chicago 8 |
| TOP OF THE 4TH |
|
Atlanta Braves batting - Pitching for Chicago Cubs : RHP Nate Jackson
|
|
Batting: RHB Danny Miramontes
|
0-0: Called Strike 0-1: Called Strike 0-2: Foul Ball, location: 2F 0-2: Ball 1-2: Fly out, F7 (Flyball, 78S, EV 81.9 MPH)
|
|
Batting: LHB Colin Worthington
|
0-0: Ball 1-0: Ground out 4-3 (Groundball, 4, EV 78.1 MPH)
|
|
Batting: RHB Danny Anderson
|
0-0: Ball 1-0: Foul Ball, location: 2F 1-1: Ground out 6-3 (Groundball, 6M, EV 97.5 MPH)
|
| Top of the 4th over - 0 runs, 0 hits, 0 errors, 0 left on base; Atlanta 1 - Chicago 8 |
| BOTTOM OF THE 4TH |
|
Chicago Cubs batting - Pitching for Atlanta Braves : RHP Adam Bonawitz
|
|
Batting: RHB Efrain Vargas
|
0-0: Ball 1-0: Ball 2-0: Foul Ball, location: 2F 2-1: Ball 3-1: Base on Balls
|
|
Batting: SHB Terry Tuckfard
|
0-0: Called Strike 0-1: Ball 1-1: Fly out, F4 (Popup, 23, EV 96.3 MPH)
|
|
Batting: RHB Josh Kalman
|
0-0: Called Strike 0-1: Ball 1-1: Ball 2-1: Swinging Strike 2-2: Ball 3-2: Foul Ball, location: 2F 3-2: Fly out, F8 (Flyball, 8LM, EV 90.0 MPH)
|
|
Batting: RHB Elijah Campbell
|
0-0: Ball 1-0: Called Strike 1-1: Called Strike 1-2: Ball 2-2: Fly out, F8 (Flyball, 8RD, EV 88.1 MPH)
|
| Bottom of the 4th over - 0 runs, 0 hits, 0 errors, 1 left on base; Atlanta 1 - Chicago 8 |
| TOP OF THE 5TH |
|
Atlanta Braves batting - Pitching for Chicago Cubs : RHP Nate Jackson
|
|
Batting: RHB Kanehisa Kubo
|
0-0: Called Strike 0-1: Ground out 5-3 (Groundball, 5S, EV 66.9 MPH)
|
|
Batting: RHB Liangde Li
|
0-0: SINGLE (Line Drive, 89S, EV 100.0 MPH)
|
|
Batting: RHB Itsuo Egami
|
0-0: Swinging Strike 0-1: Ball 1-1: Ball 2-1: Ball 3-1: Swinging Strike 3-2: Strikes out swinging Liangde Li steals 2nd base (no throw) Batter strikes out.
|
|
Batting: LHB Tom Best
|
0-0: Ball 1-0: Called Strike 1-1: Foul Ball, location: 2F 1-2: Fly out, F9 (Flyball, 9LD, EV 100.0 MPH)
|
| Top of the 5th over - 0 runs, 1 hit, 0 errors, 1 left on base; Atlanta 1 - Chicago 8 |
| BOTTOM OF THE 5TH |
|
Chicago Cubs batting - Pitching for Atlanta Braves : RHP Adam Bonawitz
|
|
Batting: RHB Will Leslie
|
0-0: Ball 1-0: Called Strike 1-1: Ball 2-1: Called Strike 2-2: Foul Ball, location: 2F 2-2: Foul Ball, location: 2F 2-2: Ball 3-2: Base on Balls
|
|
Batting: SHB Tim Hone
|
0-0: Called Strike 0-1: Ball Will Leslie steals 2nd base 1-1: Ground out 4-3 (Groundball, 4, EV 102.5 MPH) Will Leslie to third
|
|
Pitching: RHP Tony Castellanos
|
|
|
Batting: RHB Jamie Ogilvie
|
0-0: Called Strike 0-1: Ball 1-1: Called Strike 1-2: Hit by Pitch
|
|
Batting: RHB Yasuhide Kasahara
|
0-0: Called Strike 0-1: Foul Ball, location: 2F 0-2: Ball 1-2: Grounds into double play, 4-6-3 (Groundball, 4, EV 103.8 MPH)
|
| Bottom of the 5th over - 0 runs, 0 hits, 0 errors, 1 left on base; Atlanta 1 - Chicago 8 |
| TOP OF THE 6TH |
|
Atlanta Braves batting - Pitching for Chicago Cubs : RHP Nate Jackson
|
|
Batting: RHB Butch Kaiser
|
0-0: Ball 1-0: Swinging Strike 1-1: Ball 2-1: Foul Ball, location: 2F 2-2: Strikes out swinging
|
|
Batting: LHB Seth Cook
|
0-0: Called Strike 0-1: Fly out, F9 (Flyball, 89D, EV 98.1 MPH)
|
|
Batting: RHB Danny Miramontes
|
0-0: Called Strike 0-1: Called Strike 0-2: Ball 1-2: Strikes out swinging
|
| Top of the 6th over - 0 runs, 0 hits, 0 errors, 0 left on base; Atlanta 1 - Chicago 8 |
| BOTTOM OF THE 6TH |
|
Chicago Cubs batting - Pitching for Atlanta Braves : RHP Tony Castellanos
|
|
Batting: LHB Kevin Norton
|
0-0: Ball 1-0: Called Strike 1-1: Foul Ball, location: 2F 1-2: Ground out U3 (Groundball, 3, EV 83.8 MPH)
|
|
Batting: RHB Efrain Vargas
|
0-0: Called Strike 0-1: TRIPLE (Flyball, 8LXD, EV 102.5 MPH)
|
|
Batting: SHB Terry Tuckfard
|
0-0: Ground out 4-3 (Groundball, 34, EV 84.4 MPH) Efrain Vargas scores
|
|
Batting: RHB Josh Kalman
|
0-0: Ball 1-0: Ground out 6-3 (Groundball, 6, EV 93.1 MPH)
|
| Bottom of the 6th over - 1 run, 1 hit, 0 errors, 0 left on base; Atlanta 1 - Chicago 9 |
| TOP OF THE 7TH |
|
Atlanta Braves batting - Pitching for Chicago Cubs : RHP Nate Jackson
|
|
Batting: LHB Colin Worthington
|
0-0: Ball 1-0: Foul Ball, location: 2F 1-1: Ball 2-1: Called Strike 2-2: Ground out 6-3 (Groundball, 6, EV 86.9 MPH)
|
|
Batting: RHB Danny Anderson
|
0-0: Ball 1-0: Foul Ball, location: 2F 1-1: Ball 2-1: Swinging Strike 2-2: Strikes out swinging
|
|
Batting: RHB Kanehisa Kubo
|
0-0: Foul Ball, location: 2F 0-1: Ball 1-1: Called Strike 1-2: Fly out, F7 (Flyball, 78D, EV 92.5 MPH)
|
| Top of the 7th over - 0 runs, 0 hits, 0 errors, 0 left on base; Atlanta 1 - Chicago 9 |
| BOTTOM OF THE 7TH |
|
Chicago Cubs batting - Pitching for Atlanta Braves : RHP Tony Castellanos
|
|
Batting: RHB Elijah Campbell
|
0-0: Ball 1-0: DOUBLE (Line Drive, 89M, EV 113.8 MPH)
|
|
Batting: RHB Will Leslie
|
0-0: Ball 1-0: Foul Ball, location: 2F 1-1: Ground out 4-3 (Groundball, 4, EV 100.0 MPH) Elijah Campbell to third
|
|
Batting: SHB Tim Hone
|
0-0: DOUBLE (Flyball, 8LXD, EV 93.1 MPH) Elijah Campbell scores
|
|
Batting: RHB Jamie Ogilvie
|
0-0: Called Strike 0-1: Ball 1-1: Foul Ball, location: 2F 1-2: Foul Ball, location: 2F 1-2: Fly out, F7 (Flyball, 7D, EV 107.5 MPH)
|
|
Batting: RHB Yasuhide Kasahara
|
0-0: Called Strike 0-1: Ground out 4-3 (Groundball, 4, EV 86.3 MPH)
|
| Bottom of the 7th over - 1 run, 2 hits, 0 errors, 1 left on base; Atlanta 1 - Chicago 10 |
| TOP OF THE 8TH |
|
Atlanta Braves batting - Pitching for Chicago Cubs : RHP Nate Jackson
|
|
Batting: RHB Liangde Li
|
0-0: Called Strike 0-1: Foul Ball, location: 2F 0-2: Ball 1-2: Ground out 5-3 (Groundball, 56, EV 81.9 MPH)
|
|
Batting: RHB Itsuo Egami
|
0-0: Foul Ball, location: 2F 0-1: Foul Ball, location: 2F 0-2: Foul Ball, location: 2F 0-2: Fly out, F8 (Line Drive, 8RM, EV 103.8 MPH)
|
|
Batting: LHB Tom Best
|
0-0: Ball 1-0: TRIPLE (Line Drive, 89XD, EV 107.5 MPH)
|
|
Pitching: RHP Chris Ray
|
|
|
Batting: RHB Butch Kaiser
|
0-0: Called Strike 0-1: Foul Ball, location: 2F 0-2: Strikes out swinging
|
| Top of the 8th over - 0 runs, 1 hit, 0 errors, 1 left on base; Atlanta 1 - Chicago 10 |
| BOTTOM OF THE 8TH |
|
Chicago Cubs batting - Pitching for Atlanta Braves : RHP Tony Castellanos
|
|
Batting: LHB Kevin Norton
|
0-0: Ball 1-0: Ground out 4-3 (Groundball, 4, EV 101.9 MPH)
|
|
Batting: RHB Efrain Vargas
|
0-0: Called Strike 0-1: Called Strike 0-2: Fly out, F7 (Flyball, 7D, EV 93.8 MPH)
|
|
Batting: SHB Terry Tuckfard
|
0-0: Ball 1-0: Foul Ball, location: 2F 1-1: Ground out 4-3 (Groundball, 4, EV 84.4 MPH)
|
| Bottom of the 8th over - 0 runs, 0 hits, 0 errors, 0 left on base; Atlanta 1 - Chicago 10 |
| TOP OF THE 9TH |
|
Atlanta Braves batting - Pitching for Chicago Cubs : RHP Chris Ray
|
|
Batting: LHB Seth Cook
|
0-0: Foul Ball, location: 2F 0-1: Called Strike 0-2: Ball 1-2: Ball 2-2: Foul Ball, location: 2F 2-2: Fly out, F7 (Flyball, 7D, EV 107.5 MPH)
|
|
Batting: RHB Danny Miramontes
|
0-0: Ball 1-0: Foul Ball, location: 2F 1-1: Foul Ball, location: 2F 1-2: Strikes out swinging
|
|
Batting: LHB Colin Worthington
|
0-0: Fly out, F5 (Popup, 56S, EV 66.3 MPH)
|
| Top of the 9th over - 0 runs, 0 hits, 0 errors, 0 left on base; Atlanta 1 - Chicago 10 |
|